 Dungeon Crawl Stone Soup version 0.17-a0-435-gc4df345 (webtiles) character file.

81 ezio133798 the Grave Robber (level 4, 0/31 HPs)
             Began as a Vampire Necromancer on Apr 4, 2015.
             Was an Initiate of Nemelex Xobeh.
             Slain by a hound (1 damage)
             ... on level 4 of the Dungeon.
             The game lasted 00:21:49 (3090 turns).

ezio133798 the Grave Robber (Vampire Necromancer)   Turns: 3090, Time: 00:21:49

Health: 0/31       AC:  4    Str:  7    XL:     4   Next: 19%
Magic:  6/8        EV: 13    Int: 18    God:    Nemelex Xobeh [......]
Gold:   80         SH:  0    Dex: 14    Spells: 2 memorised, 6 levels left

rFire  + . .     SeeInvis +     s - +0 dagger (flame)
rCold  + . .     Clarity  .     a - +0 robe
rNeg   + . .     SustAb   .     (no shield)
rPois  +         Gourm    .     (no helmet)
rElec  +         Spirit   .     (no cloak)
rCorr  +         Warding  .     B - +1 pair of gloves
rMut   .         Stasis   .     (no boots)
MR     .....                    (no amulet)
Stlth  +++.......               (no ring)
                                (no ring)

@: lethally poisoned (0 -> -8), resistant, very slightly contaminated,
invisible, not resistant to hostile enchantments, fairly stealthy
A: fangs 3, see invisible, unbreathing
a: Bat Form, Renounce Religion


You were on level 4 of the Dungeon.
You worshipped Nemelex Xobeh.
Nemelex Xobeh was noncommittal.
You were not thirsty.

You visited 1 branch of the dungeon, and saw 4 of its levels.

You collected 80 gold pieces.

Inventory:

Hand weapons
 i - a +0 dagger
 j - a +0 spear
 m - a +0 whip
 n - a +0 short sword
 s - a +0 dagger of flaming (weapon)
 t - a +0 club
 v - a +0 club
 D - a +0 club
Missiles
 h - 6 bolts of flame
 p - 18 poisoned needles
Armour
 a - a +0 robe (worn)
 g - a +0 ring mail
 r - a +0 scale mail
 x - a +0 plate armour
 A - a +0 chain mail
 B - a +1 pair of gloves (worn)
 C - a +0 robe
Scrolls
 e - 2 scrolls of identify
 k - 2 scrolls of remove curse
 l - a scroll of noise {unknown}
 q - a scroll of enchant armour {unknown}
 u - a scroll of random uselessness {unknown}
 y - 3 scrolls of blinking {unknown}
 z - a scroll of teleportation {unknown}
Potions
 c - a potion of heal wounds {unknown}
 d - a potion of curing {unknown}
 f - a potion of degeneration {unknown}
 o - a potion of resistance
Books
 b - a book of Necromancy

   Spells                             Type                      Level
   a - Pain                           Necromancy                   1
   b - Animate Skeleton               Necromancy                   1
   c - Vampiric Draining              Necromancy                   3
   d - Regeneration                   Charms/Necromancy            3
   e - Animate Dead                   Necromancy                   4
   f - Control Undead                 Necromancy                   4
Miscellaneous
 w - a plain deck of war {drawn: 6}


   Skills:
 + Level 0.5 Fighting
 + Level 2.5 Dodging
 + Level 3.3 Stealth
 + Level 2.6 Spellcasting
 + Level 5.5 Necromancy


You had 6 spell levels left.
You knew the following spells:

 Your Spells              Type           Power        Failure   Level  Hunger
a - Pain                  Necr           ###.         1%          1    #......
b - Animate Skeleton      Necr           N/A          1%          1    #......


Dungeon Overview and Level Annotations

Branches:
Dungeon (4/15)
 Temple: D:4-7

Altars:
Dithmenos
Nemelex Xobeh
Yredelemnul

Annotations:
D:1 God floor


Innate Abilities, Weirdness & Mutations

You have razor-sharp teeth.
You have supernaturally acute eyesight.
You can survive without breathing.


Message History

The hound bites you but does no damage.
* * * LOW HITPOINT WARNING * * *
You feel sick.
It was a potion of resistance.
You feel protected.
* * * LOW HITPOINT WARNING * * *
You feel sick. The hound bites you but does no damage.
The hound closely misses you.
* * * LOW HITPOINT WARNING * * *
You feel sick.
* * * LOW HITPOINT WARNING * * *
You feel sick. The hound completely misses you.
* * * LOW HITPOINT WARNING * * *
You feel sick.
The kobold wields an uncursed blowgun.
The kobold shoots a poisoned needle.
There is a stone staircase leading up here.
* * * LOW HITPOINT WARNING * * *
You feel sick. The hound barely misses you. The hound bites you.
You die...
Your body disappears without a glow.

##############
#..(((........
#...K.........
#.........(.. #
#............
#....####(...........
.......>@h..........
.....####.......... .
#......... ........[
.####.### ..# ..


You could see a hound and a kobold.

Vanquished Creatures
  2 adders (D:2)
  A worm (D:2)
  A giant gecko (D:2)
  An ooze (D:3)
  A ball python (D:1)
  7 bats
  2 giant cockroaches
  4 goblins
  9 hobgoblins
  4 jackals (D:1)
  2 giant newts (D:2)
  3 kobolds
  3 rats
40 creatures vanquished.

Vanquished Creatures (collateral kills)
  An adder (D:2)
  A bat (D:1)
2 creatures vanquished.

Vanquished Creatures (others)
  A bat skeleton (D:1)
  A goblin skeleton (D:1)
  A hobgoblin skeleton (D:1)
  A jackal skeleton (D:1)
  A kobold skeleton (D:1)
5 creatures vanquished.

Grand Total: 47 creatures vanquished

Notes
Turn   | Place    | Note
--------------------------------------------------------------
     0 | D:1      | ezio133798, the Vampire Necromancer, began the quest for the Orb.
     0 | D:1      | Reached XP level 1. HP: 13/13 MP: 3/3
    41 | D:1      | Learned a level 1 spell: Animate Skeleton
   303 | D:1      | Reached XP level 2. HP: 17/19 MP: 1/5
   919 | D:1      | Found a sparkling altar of Nemelex Xobeh.
   923 | D:1      | Became a worshipper of Nemelex Xobeh the Trickster
  1203 | D:2      | Received a gift from Nemelex Xobeh
  1210 | D:2      | Reached skill level 5 in Necromancy
  1210 | D:2      | Reached XP level 3. HP: 20/24 MP: 1/6
  1615 | D:2      | Found a basalt altar of Yredelemnul.
  2219 | D:2      | Reached XP level 4. HP: 12/31 MP: 2/8
  2864 | D:3      | Found a shadowy altar of Dithmenos.
  3090 | D:4      | HP: 1/31 [poisoned by a kobold]
  3090 | D:4      | Slain by a hound

Action                   |  1- 3 |  4- 6 || total
-------------------------+-------+-------++-------
Melee: Spear             |    15 |       ||    15
       Unarmed           |     1 |       ||     1
       Dagger            |     3 |     6 ||     9
 Cast: Pain              |    57 |    23 ||    80
       Animate Skeleton  |     8 |       ||     8
Evoke: Deck              |     4 |     2 ||     6
  Use: Scroll            |     1 |     1 ||     2
       Potion            |       |     1 ||     1
  Eat: Corpse            |     4 |     2 ||     6
